 Dungeon Crawl Stone Soup version 0.21-a0-538-gd16b88a (webtiles) character file.

2316 tidbits the Insei (level 9, 67/67 HPs)
             Began as a Gnoll Transmuter on Dec 15, 2017.
             Quit the game on level 5 of the Dungeon.
             The game lasted 00:21:11 (2793 turns).

tidbits the Insei (Gnoll Transmuter)                Turns: 2793, Time: 00:21:12

Health: 67/67      AC:  2    Str: 15    XL:     9   Next: 41%
Magic:  18/18      EV: 25    Int: 21    God:
Gold:   365        SH:  0    Dex: 20    Spells: 15/21 levels left

rFire    . . .     SeeInvis .     - Unarmed
rCold    + . .     Gourm    .   (shield currently unavailable)
rNeg     + . .     Faith    .   (armour currently unavailable)
rPois    x         Spirit   .   (helmet currently unavailable)
rElec    .         Reflect  .   (cloak currently unavailable)
rCorr    .         Harm     .   (gloves currently unavailable)
MR       .....                  (boots currently unavailable)
Stlth    +++.......             l - amulet of regeneration
HPRegen  0.61/turn              P - ring of positive energy
MPRegen  0.16/turn              K - ring of protection from cold

@: spider-form (expiring)
A: tiny, distributed training, clever 1, strong 1, no potion heal 1, strong nose
a: End Transformation


You were on level 5 of the Dungeon.
You were not hungry.
You were a venomous arachnid creature.
You visited 1 branch of the dungeon, and saw 7 of its levels.
You also visited: Ossuary.

You collected 365 gold pieces.

Inventory:

Hand Weapons
 k - a +0 hunting sling (melded)
 I - a +1 dagger of venom
   (You took it off an orc wizard on level 6 of the Dungeon)
Missiles
 a - 126 arrows
 j - 51 sling bullets
 m - 38 stones (quivered)
 C - 14 tomahawks
 N - 4 tomahawks of returning
Armour
 b - a +0 robe (melded)
 B - a +0 helmet
 O - a +0 pair of boots
 Q - a +0 cloak
Jewellery
 l - an amulet of regeneration (around neck)
   (You found it on level 1 of the Dungeon)
 z - an uncursed ring of fire
   (You found it on level 6 of the Dungeon)
 G - an uncursed ring of flight
   (You took it off a crimson imp on level 7 of the Dungeon)
 K - a ring of protection from cold (right front leg)
   (You found it on level 6 of the Dungeon)
 P - a ring of positive energy (left front leg)
   (You found it on level 6 of the Dungeon)
Wands
 s - a wand of disintegration (15)
 D - a wand of random effects (48)
Scrolls
 e - a scroll of fog {unknown}
 i - a scroll of blinking {unknown}
 n - a scroll of amnesia {unknown}
 q - 2 scrolls of immolation {unknown}
 r - 4 scrolls of teleportation
 u - 4 scrolls of remove curse {unknown}
 y - 2 scrolls of fear {unknown}
 A - a scroll of magic mapping
 H - a scroll of enchant weapon
 L - a scroll of enchant armour
Potions
 g - a potion of magic {unknown}
 h - 2 potions of haste {unknown}
 o - a potion of heal wounds {unknown}
 p - 3 potions of might
 t - a potion of resistance {unknown}
 v - a potion of curing
 w - a potion of agility
 x - 3 potions of flight
 E - a potion of cancellation {unknown}
 J - a potion of degeneration {unknown}
 M - a potion of brilliance
Books
 c - a book of Changes

   Spells                             Type                      Level
   a - Beastly Appendage              Transmutation                1
   b - Sticks to Snakes               Transmutation                2
   c - Spider Form                    Transmutation/Poison         3
   d - Ice Form                       Ice/Transmutation            4
   e - Blade Hands                    Transmutation                5
 F - Esoteh's Papyrus of Poison and Earth
   (You found it on level 7 of the Dungeon)

   Spells                             Type                      Level
   a - Sting                          Conjuration/Poison           1
   b - Olgreb's Toxic Radiance        Poison                       4
   c - Bolt of Magma                  Conjuration/Fire/Earth       5
   d - Lee's Rapid Deconstruction     Earth                        5
   e - Alistair's Intoxication        Transmutation/Poison         5
Comestibles
 d - 9 bread rations
 f - 4 meat rations


   Skills:
 + Level 4.9 Fighting
 + Level 4.1 Short Blades
 + Level 4.1 Long Blades
 + Level 4.1 Axes
 + Level 4.1 Maces & Flails
 + Level 4.1 Polearms
 + Level 4.1 Staves
 + Level 4.1 Slings
 + Level 4.1 Bows
 + Level 4.1 Crossbows
 + Level 4.1 Throwing
 + Level 4.1 Armour
 + Level 6.2 Dodging
 + Level 4.1 Stealth
 + Level 4.1 Shields
 + Level 7.8 Unarmed Combat
 + Level 6.5 Spellcasting
 + Level 3.4 Conjurations
 + Level 3.4 Hexes
 + Level 3.4 Charms
 + Level 3.4 Summonings
 + Level 3.4 Necromancy
 + Level 3.4 Translocations
 + Level 5.1 Transmutations
 + Level 3.4 Fire Magic
 + Level 3.4 Ice Magic
 + Level 3.4 Air Magic
 + Level 3.4 Earth Magic
 + Level 3.4 Poison Magic
 + Level 4.5 Invocations
 + Level 4.1 Evocations


You had 15 spell levels left.
You knew the following spells:

 Your Spells              Type           Power        Failure   Level  Hunger
e - Beastly Appendage     Tmut           ####..       5%          1    None
k - Sticks to Snakes      Tmut           ####....     7%          2    None
p - Spider Form           Tmut/Pois      ###.......   14%         3    #......


Dungeon Overview and Level Annotations

Branches:
Dungeon (7/15)
 Temple: D:4-7

Altars:
Dithmenos

Shops:
D:4 [


Innate Abilities, Weirdness & Mutations

Your experience applies equally to all skills.
((You have very sharp teeth.))
Your uncanny sense of smell can sniff out nearby items.
((You are partially covered in large bone plates. (SH +4)))
Your mind is acute. (Int +2)
((Armour fits poorly on your strangely shaped body.))
Your muscles are strong. (Str +2)
Potions are less effective at restoring your health.


Message History

Your transformation has ended.
Your +0 hunting sling unmelds from your body.
Your +0 robe unmelds from your body.
Unknown command.
(D) Dungeon
Where to? (Enter - D:6 @ (x,y), ? - help)
Your ball python withers and dies!
Your adder withers and dies!
Magic restored.
There is an open door here.
There is an open door here.
There is an escape hatch in the ceiling here.
A mysterious force pulls you upwards. The hatch slams shut behind you.
You see here a leather armour.
A leopard gecko zombie comes into view.
There is an open door here.
There is an open door here.
You see here a halberd.
You see here a spear.
As you open the door, it creaks loudly!
There is an open door here.
Found 12 gold pieces.
You see here 12 gold pieces.
You now have 340 gold pieces (gained 12).
Found a ring of positive energy.
A crimson imp comes into view.
The crimson imp shouts!
You hear a shout! x2
Really attack while wielding your +0 hunting sling? [Y]es or [N]o only, please.
Really attack while wielding your +0 hunting sling?
Okay, then.
Casting: Sticks to Snakes
Confirm with . or Enter, or press ? or * to list all spells.
You turn into a venomous arachnid creature.
Your +0 hunting sling melds into your body.
Your +0 robe melds into your body.
The crimson imp closely misses you.
You hit the crimson imp.
The crimson imp is lightly wounded.
The crimson imp blinks!
You see here a ring of positive energy.
The crimson imp blinks!
The crimson imp blinks!
The crimson imp barely misses you. 2 orcs and an orc priest come into view.
The orc priest hits you.
Found a meat ration.
An orc comes into view. It is wielding a club.
The orc shouts!
You hit the orc priest.
The orc priest is poisoned.
The orc priest is lightly wounded.
The crimson imp completely misses you.
You hit the orc priest.
The orc priest looks as sick as possible!
The orc priest is severely wounded.
The orc priest barely misses you.
The crimson imp disappears for a moment.
The crimson imp closely misses you.
You hit the orc priest.
You kill the orc priest!
The crimson imp blinks!
The orc misses you.
You see here 6 gold pieces.
You bite the orc!
You kill the orc!
The orc completely misses you. The orc hits you.
You hit the orc but do no damage.
The orc is poisoned.
The orc closely misses you. The orc barely misses you.
You hit the orc.
You kill the orc!
The orc hits you with a club.
You hit the orc but do no damage. You barely miss the crimson imp.
The orc closely misses you. The crimson imp closely misses you.
You bite the crimson imp!
The crimson imp is poisoned.
The crimson imp is severely wounded.
The orc completely misses you. The crimson imp closely misses you.
You bite the crimson imp!
You kill the crimson imp!
The orc misses you.
You bite the orc!
You kill the orc!
Things that are here:
a club; a scroll of teleportation; an orc corpse
r - 4 scrolls of teleportation (gained 1)
You see here 6 gold pieces.
You now have 346 gold pieces (gained 6).
Things that are here:
a ring mail; a scroll labeled QUIKLI IBBEATA; 19 gold pieces
Things that are here:
a club; a ring mail; an orc corpse
Things that are here:
a ring mail; a scroll labeled QUIKLI IBBEATA; 19 gold pieces
u - 4 scrolls labeled QUIKLI IBBEATA (gained 1)
You now have enough gold to buy a +3 scale mail of magic resistance on D:4.
You can access your shopping list by pressing '$'.
You now have 365 gold pieces (gained 19).
Your transformation is almost over.
You see here a meat ration.
f - 4 meat rations (gained 1) Are you sure you want to abandon this character and quit the game? (Confirm with "yes".)

#.. .................'....
#######.##########....####.
. #.. .# #....# #. #.
#####.######...)####' ..#
#.#####........###..#)....
..###..............#
##.#†....
#...'..............#
#.#.....
#.###..............#
#.#).... #.#
#........s.....# #..)....
## #.# #.....[).......#
##.####' .# #.#
#####).....###.# #).# #.
.###.#######.#.#### # ##.#
#. ......=......#.# #.# #.
.###.....#####.# #####
#.###. .........# #.. #...#
#..##. .........# ###
#.#.#####.##. ##.....#.#
#.#.....#.##.


There were no monsters in sight!

Vanquished Creatures
  A hippogriff (D:7)
  A spriggan (D:7)
  The ghost of anet the Magician, an amateur DEWz (Ossuary)
  A sky beast (D:6)
  A phantom (D:6)
  3 ogres
  A centaur (D:6)
  Blork the orc (D:6)
  An elf zombie (Ossuary)
  2 scorpions
  A water moccasin skeleton (D:7)
  3 crimson imps
  4 centaur zombies (Ossuary)
  A centaur skeleton (D:4)
  2 jellies (D:6)
  Crazy Yiuf (D:6)
  5 orc priests
  3 hounds
  4 orc wizards
  2 iguanas
  A big kobold zombie (Ossuary)
  A hound skeleton (D:6)
  2 mummies (Ossuary)
  10 gnolls
  6 adders
  An ooze (D:2)
  2 adder skeletons
  2 adder zombies
  A dart slug (D:1)
  A leopard gecko (D:1)
  23 orcs
  A ball python (D:1)
  5 giant cockroaches
  4 goblins (D:1)
  6 hobgoblins
  9 jackals
  2 quokkas (D:7)
  A bat (D:1)
  3 frilled lizards
  2 goblin zombies (Ossuary)
  9 hobgoblin zombies (Ossuary)
  6 kobolds
  6 kobold zombies (Ossuary)
  A leopard gecko skeleton (D:4)
  A leopard gecko zombie (D:7)
  9 orc zombies (Ossuary)
  4 rats
  A rat zombie (Ossuary)
159 creatures vanquished.

Vanquished Creatures (collateral kills)
  A bullfrog skeleton (D:5)
  An orc wizard (D:5)
  An orc (D:5)
  A kobold zombie (Ossuary)
4 creatures vanquished.

Grand Total: 163 creatures vanquished

Notes
Turn   | Place    | Note
-------+----------+-------------------------------------------
     0 | D:1      | tidbits the Gnoll Transmuter began the quest for the Orb.
     0 | D:1      | Reached XP level 1. HP: 17/17 MP: 6/6
    59 | D:1      | Reached XP level 2. HP: 23/23 MP: 5/7
   190 | D:1      | Reached XP level 3. HP: 16/28 MP: 7/9
   206 | D:1      | Reached skill level 5 in Spellcasting
   216 | D:1      | Learned a level 2 spell: Sticks to Snakes
   220 | D:1      | Learned a level 3 spell: Spider Form
   421 | D:2      | Reached skill level 1 in Invocations
   512 | D:2      | Reached skill level 1 in Short Blades
   512 | D:2      | Reached skill level 1 in Long Blades
   512 | D:2      | Reached skill level 1 in Axes
   512 | D:2      | Reached skill level 1 in Maces & Flails
   512 | D:2      | Reached skill level 1 in Polearms
   512 | D:2      | Reached skill level 1 in Staves
   512 | D:2      | Reached skill level 1 in Slings
   512 | D:2      | Reached skill level 1 in Bows
   512 | D:2      | Reached skill level 1 in Crossbows
   512 | D:2      | Reached skill level 1 in Throwing
   512 | D:2      | Reached skill level 1 in Armour
   512 | D:2      | Reached skill level 1 in Stealth
   512 | D:2      | Reached skill level 1 in Shields
   512 | D:2      | Reached skill level 1 in Evocations
   516 | D:2      | Reached XP level 4. HP: 29/34 MP: 7/11
   665 | D:4      | Reached skill level 1 in Conjurations
   665 | D:4      | Reached skill level 1 in Hexes
   665 | D:4      | Reached skill level 1 in Charms
   665 | D:4      | Reached skill level 1 in Summonings
   665 | D:4      | Reached skill level 1 in Necromancy
   665 | D:4      | Reached skill level 1 in Translocations
   665 | D:4      | Reached skill level 1 in Fire Magic
   665 | D:4      | Reached skill level 1 in Ice Magic
   665 | D:4      | Reached skill level 1 in Air Magic
   665 | D:4      | Reached skill level 1 in Earth Magic
   665 | D:4      | Reached skill level 1 in Poison Magic
   764 | D:4      | Found Hayh's Armour Shop.
   789 | D:4      | Reached XP level 5. HP: 38/40 MP: 8/12
   798 | D:4      | Noticed an ogre
   806 | D:4      | Killed an ogre
   806 | D:4      | Reached skill level 3 in Fighting
   806 | D:4      | Reached skill level 4 in Transmutations
   806 | D:4      | Reached XP level 6. HP: 36/47 MP: 10/13
   851 | D:4      | Found a sand-covered staircase.
   862 | Ossuary  | Entered an ossuary
   926 | Ossuary  | Noticed anet's ghost (amateur DEWz)
   938 | Ossuary  | Killed anet's ghost
   938 | Ossuary  | Reached skill level 2 in Short Blades
   938 | Ossuary  | Reached skill level 2 in Long Blades
   938 | Ossuary  | Reached skill level 2 in Axes
   938 | Ossuary  | Reached skill level 2 in Maces & Flails
   938 | Ossuary  | Reached skill level 2 in Polearms
   938 | Ossuary  | Reached skill level 2 in Staves
   938 | Ossuary  | Reached skill level 2 in Slings
   938 | Ossuary  | Reached skill level 2 in Bows
   938 | Ossuary  | Reached skill level 2 in Crossbows
   938 | Ossuary  | Reached skill level 2 in Throwing
   938 | Ossuary  | Reached skill level 2 in Armour
   938 | Ossuary  | Reached skill level 5 in Dodging
   938 | Ossuary  | Reached skill level 2 in Stealth
   938 | Ossuary  | Reached skill level 2 in Shields
   938 | Ossuary  | Reached skill level 2 in Invocations
   938 | Ossuary  | Reached skill level 2 in Evocations
   995 | Ossuary  | Reached XP level 7. HP: 52/52 MP: 2/15
  1059 | Ossuary  | Reached skill level 7 in Unarmed Combat
  1124 | D:4      | Reached skill level 2 in Conjurations
  1124 | D:4      | Reached skill level 2 in Hexes
  1124 | D:4      | Reached skill level 2 in Charms
  1124 | D:4      | Reached skill level 2 in Summonings
  1124 | D:4      | Reached skill level 2 in Necromancy
  1124 | D:4      | Reached skill level 2 in Translocations
  1124 | D:4      | Reached skill level 2 in Fire Magic
  1124 | D:4      | Reached skill level 2 in Ice Magic
  1124 | D:4      | Reached skill level 2 in Air Magic
  1124 | D:4      | Reached skill level 2 in Earth Magic
  1124 | D:4      | Reached skill level 2 in Poison Magic
  1156 | D:5      | Entered Level 5 of the Dungeon
  1335 | D:6      | Reached skill level 3 in Invocations
  1431 | D:5      | Reached XP level 8. HP: 56/60 MP: 11/16
  1472 | D:5      | Reached skill level 4 in Fighting
  1472 | D:5      | Reached skill level 3 in Short Blades
  1472 | D:5      | Reached skill level 3 in Long Blades
  1472 | D:5      | Reached skill level 3 in Axes
  1472 | D:5      | Reached skill level 3 in Maces & Flails
  1472 | D:5      | Reached skill level 3 in Polearms
  1472 | D:5      | Reached skill level 3 in Staves
  1472 | D:5      | Reached skill level 3 in Slings
  1472 | D:5      | Reached skill level 3 in Bows
  1472 | D:5      | Reached skill level 3 in Crossbows
  1472 | D:5      | Reached skill level 3 in Throwing
  1472 | D:5      | Reached skill level 3 in Armour
  1472 | D:5      | Reached skill level 3 in Stealth
  1472 | D:5      | Reached skill level 3 in Shields
  1472 | D:5      | Reached skill level 3 in Evocations
  1492 | D:6      | Noticed Blork the orc
  1495 | D:6      | Killed Blork the orc
  1540 | D:6      | Reached skill level 6 in Spellcasting
  1544 | D:6      | Gained mutation: Potions are less effective at restoring your health. [mutagenic meat]
  1545 | D:6      | Gained mutation: You are partially covered in large bone plates. (SH +4) [mutagenic meat]
  1546 | D:6      | Gained mutation: Armour fits poorly on your strangely shaped body. [mutagenic meat]
  1547 | D:6      | Gained mutation: Your mind is acute. (Int +2) [mutagenic meat]
  1548 | D:6      | Gained mutation: Your muscles are strong. (Str +2) [mutagenic meat]
  1623 | D:7      | Noticed a hippogriff
  1643 | D:7      | Killed a hippogriff
  1651 | D:7      | HP: 5/61 [orc priest/nerve-wracking pain (9)]
  1698 | D:7      | Reached skill level 3 in Conjurations
  1698 | D:7      | Reached skill level 3 in Hexes
  1698 | D:7      | Reached skill level 3 in Charms
  1698 | D:7      | Reached skill level 3 in Summonings
  1698 | D:7      | Reached skill level 3 in Necromancy
  1698 | D:7      | Reached skill level 3 in Translocations
  1698 | D:7      | Reached skill level 3 in Fire Magic
  1698 | D:7      | Reached skill level 3 in Ice Magic
  1698 | D:7      | Reached skill level 3 in Air Magic
  1698 | D:7      | Reached skill level 3 in Earth Magic
  1698 | D:7      | Reached skill level 3 in Poison Magic
  1698 | D:7      | Reached skill level 4 in Invocations
  1735 | D:7      | Identified Esoteh's Papyrus of Poison and Earth
  1741 | D:7      | Reached XP level 9. HP: 56/66 MP: 13/18
  1772 | D:7      | Reached skill level 6 in Dodging
  1871 | D:7      | Reached skill level 5 in Transmutations
  2098 | D:6      | Found a shadowy altar of Dithmenos.
  2221 | D:5      | Reached skill level 4 in Short Blades
  2221 | D:5      | Reached skill level 4 in Long Blades
  2221 | D:5      | Reached skill level 4 in Axes
  2221 | D:5      | Reached skill level 4 in Maces & Flails
  2221 | D:5      | Reached skill level 4 in Polearms
  2221 | D:5      | Reached skill level 4 in Staves
  2221 | D:5      | Reached skill level 4 in Slings
  2221 | D:5      | Reached skill level 4 in Bows
  2221 | D:5      | Reached skill level 4 in Crossbows
  2221 | D:5      | Reached skill level 4 in Throwing
  2221 | D:5      | Reached skill level 4 in Armour
  2221 | D:5      | Reached skill level 4 in Stealth
  2221 | D:5      | Reached skill level 4 in Shields
  2221 | D:5      | Reached skill level 4 in Evocations
  2445 | D:6      | Found a runed door.
  2590 | D:6      | Noticed Crazy Yiuf
  2598 | D:6      | Killed Crazy Yiuf
  2793 | D:5      | Quit the game

Vault maps used:
D:1:      tarquinn_simple_flora_water_c
D:2:      okawaru_trees_1
D:3:      zin_scriptorium, makhleb_altar_promises_db
D:4:      enter_ossuary_3, first_bread, serial_shops,
          nicolae_shop_window_shopping
D:6:      minmay_temple_entry_fiery, grunt_dithmenos_shadows,
          uniq_crazy_yiuf_cottage, uniq_blork_the_orc
D:7:      the_bakery
Ossuary:  ossuary_tomb_1

Skill      XL: |  1  2  3  4  5  6  7  8  9 |
---------------+----------------------------+-----
Spellcasting   | 5 6 |  6.5
Invocations    | 1 2 3 4 |  4.5
Short Blades   | 1 2 3 4 |  4.1
Long Blades    | 1 2 3 4 |  4.1
Axes           | 1 2 3 4 |  4.1
Maces & Flails | 1 2 3 4 |  4.1
Polearms       | 1 2 3 4 |  4.1
Staves         | 1 2 3 4 |  4.1
Slings         | 1 2 3 4 |  4.1
Bows           | 1 2 3 4 |  4.1
Crossbows      | 1 2 3 4 |  4.1
Throwing       | 1 2 3 4 |  4.1
Armour         | 1 2 3 4 |  4.1
Stealth        | 1 2 3 4 |  4.1
Shields        | 1 2 3 4 |  4.1
Evocations     | 1 2 3 4 |  4.1
Conjurations   | 1 2 3 |  3.4
Hexes          | 1 2 3 |  3.4
Charms         | 1 2 3 |  3.4
Summonings     | 1 2 3 |  3.4
Necromancy     | 1 2 3 |  3.4
Translocations | 1 2 3 |  3.4
Fire Magic     | 1 2 3 |  3.4
Ice Magic      | 1 2 3 |  3.4
Air Magic      | 1 2 3 |  3.4
Earth Magic    | 1 2 3 |  3.4
Poison Magic   | 1 2 3 |  3.4
Fighting       | 3 4 |  4.9
Transmutations | 4 5 |  5.1
Dodging        | 5 6 |  6.2
Unarmed Combat | 7 |  7.8

Action                   |  1- 3 |  4- 6 |  7- 9 || total
-------------------------+-------+-------+-------++-------
Melee: Unarmed           |    76 |    87 |   270 ||   433
       Kick              |     9 |     2 |       ||    11
       Headbutt          |     2 |       |       ||     2
       Bite              |     3 |     2 |       ||     5
 Fire: Hunting sling     |    10 |    21 |     7 ||    38
Throw: Stone             |       |       |     2 ||     2
 Cast: Beastly Appendage |     8 |     1 |       ||     9
       Spider Form       |     4 |    11 |    31 ||    46
       Sticks to Snakes  |       |     3 |     5 ||     8
 Abil: End Transformatio |       |       |     1 ||     1
Evoke: Wand              |       |       |     2 ||     2
  Use: Potion            |       |     1 |     2 ||     3
       Scroll            |       |       |     6 ||     6
 Stab: Sleeping          |       |     1 |     2 ||     3
       Distracted        |       |       |     1 ||     1
  Eat: Fruit             |     1 |       |     2 ||     3
       Chunk             |       |       |    11 ||    11
Armor: Robe              |     4 |     3 |     3 ||    10
       Skin              |       |     1 |     5 ||     6
Dodge: Dodged            |    43 |    51 |   227 ||   321
Block: Other             |       |       |     2 ||     2

Table legend:
 A = Spawn XP
 B = Non-spawn XP
 C = Spawn XP percentage of total XP
 D = Spawn monster count
 E = Non-spawn monster count
 F = Spawn count percentage of total count
 G = Total turns spent on level
                    A         B        C        D         E        F      G
               +---------+---------+-------+---------+---------+-------+---------
         Total |       0 |    3309 |   0.0 |       0 |     163 |   0.0 |  2793
               +---------+---------+-------+---------+---------+-------+---------
           D:1 |       0 |      61 |   0.0 |       0 |      34 |   0.0 |   425
           D:2 |       0 |      54 |   0.0 |       0 |       6 |   0.0 |   141
           D:3 |       0 |       1 |   0.0 |       0 |       1 |   0.0 |    49
           D:4 |       0 |     248 |   0.0 |       0 |      10 |   0.0 |   322
           D:5 |       0 |     508 |   0.0 |       0 |      19 |   0.0 |   365
           D:6 |       0 |     871 |   0.0 |       0 |      27 |   0.0 |   774
           D:7 |       0 |    1060 |   0.0 |       0 |      28 |   0.0 |   496
       Ossuary |       0 |     506 |   0.0 |       0 |      38 |   0.0 |   221
               +---------+---------+-------+---------+---------+-------+---------

Table legend:
 A = Turns spent in this place as a percentage of turns spent in the entire game.
 B = Non-inter-level travel turns spent in this place as a percentage of non-inter-level travel turns spent in the entire game.
 C = Inter-level travel turns spent in this place as a percentage of turns spent in this place.
 D = Turns resting spent in this place as a percentage of non-inter-level travel turns spent in this place.
 E = Turns spent auto-exploring this place as a percentage of non-inter-level travel turns spent in this place.
 F = Non-inter-level travel turns spent in this place divided by the number of levels of this place that you've seen.
                   A       B       C       D       E      F
               +-------+-------+-------+-------+-------+----------------------
         Total | 100.0 | 100.0 |   4.0 |   0.1 |   0.0 | 335.0
       Dungeon |  92.1 |  91.8 |   4.4 |   0.1 |   0.0 | 351.3
       Ossuary |   7.9 |   8.2 |   0.0 |   0.0 |   0.0 | 221.0
               +-------+-------+-------+-------+-------+----------------------

Table legend:
 A = Kills in this place as a percentage of kills in entire the game.
 B = Kills by you in this place as a percentage of kills by you in the entire game.
 C = Kills by friends in this place as a percentage of kills by friends in the entire game.
 D = Other kills in this place as a percentage of other kills in the entire game.
 E = Experience gained in this place as a percentage of experience gained in the entire game.
 F = Experience gained in this place divided by the number of levels of this place that you have seen.
                   A       B       C       D       E      F
               +-------+-------+-------+-------+-------+----------------------
         Total | 100.0 | 100.0 | 100.0 |   N/A | 100.0 | 413.6
       Dungeon |  76.7 |  76.7 |  75.0 |   N/A |  84.7 | 400.4
       Ossuary |  23.3 |  23.3 |  25.0 |   N/A |  15.3 | 506.0
               +-------+-------+-------+-------+-------+----------------------

Vault maps used:
D:1:      tarquinn_simple_flora_water_c
D:2:      okawaru_trees_1
D:3:      zin_scriptorium, makhleb_altar_promises_db
D:4:      enter_ossuary_3, first_bread, serial_shops,
          nicolae_shop_window_shopping
D:6:      minmay_temple_entry_fiery, grunt_dithmenos_shadows,
          uniq_crazy_yiuf_cottage, uniq_blork_the_orc
D:7:      the_bakery
Ossuary:  ossuary_tomb_1
